 Dungeon Crawl Stone Soup version 0.31-a0-1074-g0b22e4e0f1 (webtiles) character file.

Game seed: 17213030975108739140

44 gelatine the Firebug (level 3, -3/24 HPs)
             Began as a Demonspawn Fire Elementalist on Dec 3, 2023.
             Slain by Terence
             ... wielding a +0 hand axe
              (5 damage)
             ... on level 1 of the Dungeon.
             The game lasted 00:03:22 (1112 turns).

gelatine the Firebug (Demonspawn Fire Elementalist) Turns: 1112, Time: 00:03:22

Health: -3/24      AC:  5    Str:  8    XL:     3   Next: 41%
Magic:  1/6        EV: 12    Int: 18    God:
Gold:   110        SH:  0    Dex: 13    Spells: 5/6 levels left

rFire   . . .        i - +1 dagger (speed)
rCold   . . .        (no shield)
rNeg    . . .        a - +0 robe
rPois   .            j - +0 helmet
rElec   .            (no cloak)
rCorr   .            (no gloves)
SInv    .            (no boots)
Will    .....        (no amulet)
Stlth   ++           (no ring)
HPRegen 0.24/turn    (no ring)
MPRegen 0.10/turn

%: no passive effects
@: very slightly contaminated
A: thin metallic scales 1
a: no special abilities


You were on level 1 of the Dungeon.
You visited 1 branch of the dungeon, and saw 2 of its levels.

You collected 110 gold pieces.

Inventory:

Hand Weapons
 e - a +0 war axe
 i - a +1 dagger of speed (weapon)
Armour
 a - a +0 robe (worn)
 j - a +0 helmet (worn)
Scrolls
 c - a scroll of identify {unknown}
 d - a scroll of fear {unknown}
 f - a scroll of teleportation {unknown}
 g - a scroll of revelation {unknown}
 h - a scroll of enchant armour {unknown}


   Skills:
 + Level 0.1 Fighting
 + Level 0.1 Axes
 + Level 2.0 Dodging
 + Level 1.9 Stealth
 + Level 2.3 Spellcasting
 + Level 1.6 Conjurations
 + Level 3.3 Fire Magic


You had 5 spell levels left.
You knew the following spells:

 Your Spells              Type           Power      Damage    Failure   Level
a - Foxfire               Conj/Fire      44%        2x1d6     6%          1

Your spell library contained the following spells:

 Spells                   Type           Power      Damage    Failure   Level
 Scorch                   Fire           28%        2d6       7%          2
 Static Discharge         Conj/Air       10%        3-4/arc   19%         2
 Inner Flame              Hex/Fire       8%         N/A       26%         3
 Volatile Blastmotes      Fire/Tloc      16%        2d11      26%         3
 Flame Wave               Conj/Fire      11%        2d6       52%         4
 Airstrike                Air            1%         2d(1-17)  86%         4
 Summon Lightning Spire   Summ/Air       2%         N/A       86%         4


Dungeon Overview and Level Annotations

Branches:
Dungeon (2/15)

Altars:

Annotations:
D:1 Terence


Innate Abilities, Weirdness & Mutations

You are partially covered in thin metallic scales. (AC +2)


Message History

You conjure some foxfire!
Terence completely misses you.
Unknown command.
Casting: Foxfire (safe; 6% risk of failure)
Confirm with . or Enter, or press ? or * to list all spells.
You conjure some foxfire!
The foxfire hits Terence but does no damage.
Terence is severely wounded.
The foxfire hits Terence but does no damage.
Terence is severely wounded.
Terence hits you but does no damage.
Casting: Foxfire (safe; 6% risk of failure)
Confirm with . or Enter, or press ? or * to list all spells.
You miscast Foxfire.
You are very lightly contaminated with residual magic.
Nothing appears to happen.
The foxfire hits Terence but does no damage.
Terence is severely wounded.
The foxfire hits Terence but does no damage.
Terence is severely wounded.
Terence barely misses you.
Casting: Foxfire (safe; 6% risk of failure)
Confirm with . or Enter, or press ? or * to list all spells.
You conjure some foxfire!
Terence hits you with a +0 hand axe.
* * * LOW HITPOINT WARNING * * *
Terence hits your foxfire with a +0 hand axe.
You hit Terence but do no damage.
Terence is severely wounded.
The foxfire hits Terence but does no damage.
Terence is severely wounded.
The foxfire hits Terence but does no damage.
Terence is severely wounded.
Terence misses you.
Casting: Foxfire (safe; 6% risk of failure)
Confirm with . or Enter, or press ? or * to list all spells.
You miscast Foxfire.
Nothing appears to happen.
Terence barely misses you.
Casting: Foxfire (safe; 6% risk of failure)
Confirm with . or Enter, or press ? or * to list all spells.
You conjure some foxfire!
Terence hits you with a +0 hand axe.
You die...
Terence says, "That felt goooood."

.##.#.#####..#.##### #...♣.♣##
...........#.†.....###.♣.....♣#
###.#..###.###.###............#
#....#..##.###†#######♣..♣.♣..♣
#.#...#..#....................#
..#......##..........#♣..♣.♣..♣
.###.##..............#........#
.# #............)v...#.♣.....♣#
## ########.....@v.......♣#♣##
## #######....).@....P...##
.####.............P.P.P....#
......####........P♣.♣♣♣.P.#
#.##### #......#.....♣♣...#
...#######............P♣♣.##
....................PP.♣♣.#
.................P♣.PP♣...#
...............##..♣♣♣.P.####


You could see Terence (ally target).

Vanquished Creatures
  Robin (D:1)
  2 dart slugs (D:1)
  A giant cockroach (D:1)
  10 goblins
  4 hobgoblins (D:1)
  2 quokkas (D:1)
  2 ball pythons (D:1)
  4 bats (D:1)
  A frilled lizard (D:1)
27 creatures vanquished.

Vanquished Creatures (collateral kills)
  4 foxfires (D:1)
4 creatures vanquished.

Vanquished Creatures (others)
  92 foxfires
92 creatures vanquished.

Grand Total: 123 creatures vanquished

Notes
Turn   | Place    | Note
-------+----------+-------------------------------------------
     0 | D:1      | gelatine the Demonspawn Fire Elementalist began the quest
                  | for the Orb.
     0 | D:1      | Reached XP level 1. HP: 13/13 MP: 3/3
   116 | D:1      | Reached skill level 3 in Fire Magic
   168 | D:1      | Gained mutation: You are partially covered in thin metallic
                  | scales. (AC +2) [demonic ancestry]
   168 | D:1      | Reached XP level 2. HP: 19/19 MP: 0/5
   802 | D:2      | Noticed Robin
   890 | D:1      | Reached XP level 3. HP: 4/24 MP: 0/6
   981 | D:2      | Noticed Terence
  1023 | D:1      | Killed Robin
  1109 | D:1      | HP: 1/24 [Terence/+0 hand axe (3)]
  1112 | D:1      | Slain by Terence

Illustrated notes

Levels and vault maps discovered:
D:1:      co_arrival_square_in_a_square_in_a_square, layout_rooms,
          serial_forest, infiniplex_forest_lined_ring,
          infiniplex_forest_straight_2, infiniplex_forest_clump_diagonal,
          infiniplex_forest_straight_2, infiniplex_forest_clump_curved,
          infiniplex_forest_clump_C
D:2:      layout_loops_ring, serial_shops, shop, uniq_robin, uniq_terence

Skill      XL: |  1  2  3 |
---------------+----------+-----
Fire Magic     | 3 |  3.3
Dodging        | 2 |  2.0
Fighting       | |  0.1
Axes           | |  0.1
Stealth        | |  1.9
Spellcasting   | |  2.3
Conjurations   | |  1.6

Action                     || total
---------------------------++-------
  Melee: War axe           ||     7
         Dagger            ||    19
   Cast: Foxfire           ||    59
    Use: Potion            ||     1
 Armour: Robe              ||    43
  Dodge: Dodged            ||    49

Table legend: (Time is in decaauts)
 A = Elapsed time spent in this place.
 B = Non-inter-level travel time spent in this place.
 C = Inter-level travel time spent in this place.
 D = Time resting spent in this place.
 E = Time spent auto-exploring this place.
 F = Levels seen in this place.
 G = Mean time per level.
                   A        B        C        D        E       F      G
               +--------+--------+--------+--------+--------+-----+--------+
         Total |   1112 |   1071 |     41 |      0 |    878 |   2 |  556.0 |
       Dungeon |   1112 |   1071 |     41 |      0 |    878 |   2 |  556.0 |
               +--------+--------+--------+--------+--------+-----+--------+

Top non-repeatable levels by time:
     D:1: 1095 daAuts
     D:2: 17 daAuts
